 Dungeon Crawl Stone Soup version 0.28.0 (webtiles) character file.

Game seed: 10902973783054196984

71329 hikkokomori the Blocker (level 15, -4/103 HPs)
             Began as a Gargoyle Conjurer on Feb 6, 2022.
             Was an Elder of Ashenzari.
             Slain by a bunyip (18 damage)
             ... called by a spriggan druid
             ... on level 1 of the Swamp.
             The game lasted 01:43:21 (28207 turns).

hikkokomori the Blocker (Gargoyle Conjurer)        Turns: 28207, Time: 01:43:21

Health: -4/103     AC: 41    Str: 20    XL:     15   Next: 36%
Magic:  12/28      EV:  9    Int: 19    God:    Ashenzari [****..]
Gold:   2081       SH: 19    Dex:  8    Spells: 12/32 levels left

rFire   + . .      SeeInvis +   u - +10 long sword of the Shattered God {vorpal, rF+ rC+ Int-4, Elem, Bglg} (curse)
rCold   + . .      Faith    .   M - +3 kite shield of Ashenzari's Disgust {Self, Melee} (curse)
rNeg    + . .      Spirit   .   K - +0 steam dragon scales
rPois   ∞          Reflect  +   a - +2 hat of the Wild Blue Yonder {Bglg, Elem} (curse)
rElec   +          Harm     .   Q - +0 cloak "Ruined Together" {Bglg, Comp} (curse)
rCorr   .          Rampage  .   q - +0 pair of gloves of Cremastomancy {Cun, Self} (curse)
Will    +....      Clarity  +   i - +2 pair of boots of the Fated Prison {Elem, Melee} (curse)
Stlth   ++........              n - amulet of reflection
HPRegen 0.27/turn               d - ring of the Tortoise {AC+8, Melee, Evo} (curse)
MPRegen 0.21/turn               m - +6 ring of strength

@: ice-armoured, on blink cooldown, flying, constricted
A: sickness immunity, AC +11, big wings, negative energy resistance 1,
electricity resistance, torment resistance 1, petrification resistance
a: Renounce Religion, Curse Item, Shatter the Chains


You were on level 1 of the Swamp.
You worshipped Ashenzari.
Ashenzari was greatly pleased with you.
You visited 5 branches of the dungeon, and saw 21 of its levels.
You also visited: Volcano.

You collected 3077 gold pieces.
You spent 996 gold pieces at shops.

Inventory:

Hand Weapons
 e - the +8 whip "Snakebite" {venom, curare, rPois}
   (You found it on level 3 of the Lair of Beasts)

   It poisons the flesh of those it strikes.
   It occasionally inflicts asphyxiating poison on those it strikes, dealing
   poison damage and causing slowness.
   rPois:     It protects you from poison.
 u - the cursed +10 long sword of the Shattered God (weapon) {vorpal, rF+ rC+ Int-4, Elem, Bglg}
   (You found it on level 3 of the Dungeon)

   It inflicts extra damage upon your enemies.
   Int:       It affects your intelligence (-4).
   rF:        It protects you from fire.
   rC:        It protects you from cold.
   It has a curse which improves the following skills: Elements: Fire Magic, Ice
   Magic, Air Magic and Earth Magic.
   Beguiling: Conjurations, Hexes and Translocations.
Missiles
 E - 2 throwing nets
Armour
 a - the cursed +2 hat of the Wild Blue Yonder (worn) {Bglg, Elem}
   (You took it off Gastronok on level 3 of the Lair of Beasts)

   It has a curse which improves the following skills: Beguiling: Conjurations,
   Hexes and Translocations.
   Elements:  Fire Magic, Ice Magic, Air Magic and Earth Magic.
 i - the cursed +2 pair of boots of the Fated Prison (worn) {Elem, Melee}
   (You found it on level 3 of the Dungeon)

   It has a curse which improves the following skills: Elements: Fire Magic, Ice
   Magic, Air Magic and Earth Magic.
   Melee Combat: Short Blades, Long Blades, Axes, Maces & Flails, Polearms,
   Staves and Unarmed Combat.
 j - a +2 scale mail of fire resistance
 q - the cursed +0 pair of gloves of Cremastomancy (worn) {Cun, Self}
   (You found it on level 2 of the Dungeon)

   It has a curse which improves the following skills: Cunning: Dodging and
   Stealth.
   Introspection: Fighting and Spellcasting.
 K - +0 steam dragon scales (worn)
 M - the cursed +3 kite shield of Ashenzari's Disgust (worn) {Self, Melee}
   (You took it off a gnoll sergeant on level 8 of the Dungeon)

   It has a curse which improves the following skills: Introspection: Fighting
   and Spellcasting.
   Melee Combat: Short Blades, Long Blades, Axes, Maces & Flails, Polearms,
   Staves and Unarmed Combat.
 N - a +0 robe of fire resistance
 O - a +2 robe of willpower
 Q - the cursed +0 cloak "Ruined Together" (worn) {Bglg, Comp}
   (You found it on level 2 of the Lair of Beasts)

   It has a curse which improves the following skills: Beguiling: Conjurations,
   Hexes and Translocations.
   Companions: Summonings and Necromancy.
 T - a scarf of invisibility
Magical Staves
 l - a staff of earth
Jewellery
 d - the cursed ring of the Tortoise (left hand) {AC+8, Melee, Evo}
   (You found it on level 3 of the Lair of Beasts)

   [ring of protection]

   AC:        It affects your AC (+8).
   It has a curse which improves the following skills: Melee Combat: Short
   Blades, Long Blades, Axes, Maces & Flails, Polearms, Staves and Unarmed
   Combat.
   Evocations: Evocations.
 m - a +6 ring of strength (right hand)
 n - an amulet of reflection (around neck)
 x - a ring of magical power
 A - a ring of ice
Wands
 w - a wand of acid (8)
 C - a wand of digging (1)
 H - a wand of flame (35)
 I - a wand of charming (7)
 L - a wand of iceblast (13)
 P - a wand of polymorph (13)
 S - a wand of paralysis (3)
Scrolls
 b - 6 scrolls of vulnerability
 f - 9 scrolls of teleportation
 g - 3 scrolls of blinking
 k - a scroll of fear
 o - a scroll of summoning
 p - 4 scrolls of enchant weapon
 y - 2 scrolls of fog
 F - 3 scrolls of amnesia
 G - 9 scrolls of identify
Potions
 c - 4 potions of might
 h - 3 potions of haste
 r - 4 potions of ambrosia
 s - 5 potions of mutation
 t - 4 potions of flight
 v - a potion of magic
 z - 4 potions of attraction
 B - 2 potions of invisibility
 D - a potion of curing
 J - 3 potions of brilliance
Miscellaneous
 R - a piece from Xom's chessboard (15/15)


   Skills:
 + Level 12.1(15.0) Fighting
 + Level 9.6(13.5) Long Blades
 - Level 6.3(8.3) Dodging
 - Level 2.2(3.8) Stealth
 + Level 12.8 Shields
 - Level 6.2(9.2) Spellcasting
 - Level 8.2(12.1) Conjurations
 + Level 6.5(10.4) Fire Magic
 + Level 11.2(15.1) Ice Magic
 - Level 7.1(11.0) Air Magic


You had 12 spell levels left.
You knew the following spells:

 Your Spells              Type           Power      Damage    Failure   Level
a - Magic Dart            Conj           100%       1d8       1%          1
b - Searing Ray           Conj           100%       2d8       1%          2
c - Ozocubu's Armour      Ice            60%        N/A       1%          3
d - Dazzling Flash        Conj/Hex       64%        N/A       3%          3
e - Freezing Cloud        Conj/Ice/Air   27%        6-21      2%          5
f - Blink                 Tloc           20%        N/A       19%         2
g - Flame Wave            Conj/Fire      51%        2d10      1%          4

Your spell library contained the following spells:

 Spells                   Type           Power      Damage    Failure   Level
 Scorch                   Fire           96%        2d9       1%          2
 Conjure Flame            Conj/Fire      51%        6-21      1%          3
 Sticky Flame             Conj/Fire      51%        2d7       1%          4
 Corpse Rot               Necr/Air       60%        N/A       2%          2
 Poisonous Vapours        Pois/Air       58%        N/A       2%          2
 Ignite Poison            Fire/Tmut/Pois 21%        N/A       11%         3
 Apportation              Tloc           20%        N/A       12%         1
 Fulminant Prism          Conj/Hex       16%        3d11      12%         4
 Iskenderun's Mystic Bla  Conj/Tloc      32%        2d8       12%         4
 Pain                     Necr           36%        1d5       14%         1
 Metabolic Englaciation   Hex/Ice        19%        N/A       17%         5
 Lesser Beckoning         Tloc           10%        N/A       36%         3
 Portal Projectile        Hex/Tloc       20%        N/A       36%         3
 Simulacrum               Ice/Necr       18%        N/A       71%         6
 Excruciating Wounds      Necr           4%         N/A       98%         5
 Manifold Assault         Tloc           10%        N/A       98%         5
 Summon Forest            Summ/Tloc      5%         N/A       98%         5
 Alistair's Intoxication  Tmut/Pois      5%         N/A       99%         5
 Blade Hands              Tmut           4%         N/A       99%         5
 Eringya's Noxious Bog    Tmut/Pois      4%         N/A       100%        6
 Summon Cactus Giant      Summ           4%         N/A       100%        6
 Summon Hydra             Summ           4%         N/A       100%        7
 Infestation              Necr           4%         N/A       100%        8
 Necromutation            Tmut/Necr      4%         N/A       100%        8
 Polar Vortex             Ice            30%        N/A       100%        9


Dungeon Overview and Level Annotations

Branches:
Dungeon (10/15)            Temple (1/1) D:5            Lair (6/6) D:9
  Swamp (2/4) Lair:4       Spider (0/4) Lair:3        Slime (0/5) Lair:6
    Orc (2/2) D:9             Elf (0/3) Orc:2       Volcano (visited)

Altars:
Ashenzari
Cheibriados
Dithmenos
Elyvilon
Fedhas
Gozag
Hepliaklqana
Kikubaaqudgha
Makhleb
Nemelex Xobeh
Okawaru
Qazlal
Ru
Sif Muna
Trog
Uskayaw
Vehumet
Xom
Yredelemnul
Zin
The Shining One
Beogh
Jiyva
Lugonu

Shops:
D:2 [   Orc:2 ![(([?*(

Portals:
Abyss: Lair:6

Annotations:
D:10 Urug
Lair:1 1 runed translucent door, Theoretic's ghost, journeyman MiFi
Lair:6 1 runed translucent door


Innate Abilities, Weirdness & Mutations

You are immune to sickness and miasma.
Your stone body is resilient. (AC +11)
You are immune to poison.
Your large and strong wings let you fly.
You resist negative energy. (rN+)
You are resistant to electric shocks. (rElec)
You are resistant to unholy torment.
You are immune to petrification.


Message History

The tentacled monstrosity's grasp on you weakens, but your attempt to escape fails.
The bunyip is engulfed in a cloud of scalding steam.
The bunyip howls a warning cry!
You block the tentacled monstrosity's attack. x2
The tentacled monstrosity tentacle-slaps you but does no damage.
The tentacled monstrosity constricts you.
The bunyip is engulfed in a cloud of scalding steam.
You block the bunyip's attack.
The bunyip claws you but does no damage. x2
Unknown command.
You slash the bunyip!
The bunyip is heavily wounded.
The tentacled monstrosity tentacle-slaps you but does no damage. x3
The tentacled monstrosity constricts you.
Unknown command.
You hit the bunyip.
The bunyip is severely wounded.
The tentacled monstrosity tentacle-slaps you but does no damage. x2
The tentacled monstrosity tentacle-slaps you.
The tentacled monstrosity constricts you!
Unknown command.
You hit the bunyip but do no damage.
The bunyip is severely wounded.
The bunyip is engulfed in a cloud of scalding steam.
The bunyip claws you!
* * * LOW HITPOINT WARNING * * *
The bunyip claws you but does no damage.
The bunyip barely misses you.
The tentacled monstrosity barely misses you.
You block the tentacled monstrosity's attack.
The tentacled monstrosity misses you.
The tentacled monstrosity constricts you!
* * * LOW HITPOINT WARNING * * *
Blink to where?
Press: ? - help, Dir - move target Your icy armour will break if you move.
Continue?
The tentacled monstrosity's grasp on you weakens, but your attempt to escape fails.
As you read the scroll of blinking, it crumbles to dust.
The bunyip claws you!!
You die...

.§≈≈....≈≈.....≈§≈≈≈≈.≈..≈≈≈..≈♣≈
≈≈≈....≈≈≈≈..≈..§≈§≈.≈≈≈≈≈≈≈.♣♣≈≈
♣......≈≈.≈≈♣≈≈.≈≈≈.≈≈≈≈≈..♣..♣≈#
♣♣♣♣§.....≈♣§...≈≈.§≈≈≈≈..♣...≈##
♣♣♣♣♣.≈≈≈.♣..≈≈.≈..≈≈≈≈≈.♣..≈≈≈#(
♣.≈♣♣.≈≈≈≈♣♣...§...≈≈≈≈...♣.≈≈≈##
≈..♣♣.≈≈.≈♣♣♣≈○☼.≈≈§§.........≈≈#
......≈≈≈.≈♣♣§≈.§≈§§.§≈♣♣.≈≈...≈≈
^≈≈...≈≈≈§♣♣♣...@x§.....♣.≈≈≈.≈≈≈
≈≈≈.....≈♣♣≈§§≈.xX○§§..♣♣♣≈≈≈≈≈≈≈
≈≈≈.≈.≈≈..♣.≈≈§....>..♣♣♣♣♣♣♣♣♣♣.
♣♣♣♣.§≈≈≈...§≈≈..≈§[§♣♣♣♣ ♣♣♣..
♣♣♣.≈≈...≈..≈≈..≈≈..♣♣♣ ♣♣♣♣.§
♣♣♣...........>...♣♣♣♣ ♣♣♣..≈.
♣♣♣♣.≈≈≈.....§.♣♣♣≈♣♣♣ ♣♣♣♣♣..≈≈.
♣...≈≈≈..♣≈≈..≈...♣♣♣ ♣♣...≈.≈≈≈≈
.≈≈≈≈≈≈..♣♣..≈≈.≈.♣♣♣♣♣≈≈≈≈≈.≈≈≈(


You could see a tentacled monstrosity and 2 bunyips.

Vanquished Creatures
  Gastronok (Lair:3)
  A fenstrider witch (Swamp:1)
  An orc warlord (Orc:2)
  A stone giant (Volcano)
  2 eleionomae (Swamp:1)
  2 bunyips (Swamp:1)
  Josephine (D:10)
  9 hydras
  2 catoblepae
  2 two-headed ogres
  2 thrashing horrors (Lair:6)
  3 large abominations (Lair:6)
  2 spriggan druids (Swamp:1)
  A bog body (Swamp:1)
  A swamp dragon (Swamp:1)
  4 orc knights
  4 orc sorcerers
  A mana viper (shapeshifter) (Lair:6)
  5 oklob plants
  2 ugly things (Lair:6)
  10 black mambas
  An elephant (Lair:4)
  Maurice (D:8)
  A torpor snail (Lair:6)
  3 smoke demons (Lair:6)
  7 cane toads
  An efreet (Volcano)
  2 ancient zymes (Lair:6)
  14 komodo dragons
  3 polar bears
  3 trolls (Orc:2)
  A hornet (Swamp:1)
  A wind drake (shapeshifter) (Lair:6)
  A queen bee (Lair:2)
  5 tyrant leeches (Swamp:1)
  21 blink frogs
  A ynoxinul (Lair:6)
  6 wraiths
  3 spriggans (Swamp:1)
  7 wyverns
  6 fire bats (Volcano)
  4 fire elementals (Volcano)
  42 yaks
  4 basilisks (Lair:6)
  2 steam dragons (D:8)
  3 vampire mosquitoes (Swamp:1)
  A chaos spawn (Lair:6)
  2 swamp worms (Swamp:1)
  A warg (Orc:1)
  18 water moccasins
  Duvessa (D:6)
  38 orc warriors
  2 swamp drakes (Swamp:1)
  8 small abominations (Lair:6)
  3 black bears
  9 necrophages
  11 ogres
  2 centaurs
  4 wolves
  2 phantoms
  2 kobold brigands
  An earth elemental (Volcano)
  14 bullfrogs
  A gnoll sergeant (D:8)
  10 scorpions
  A water moccasin zombie (D:7)
  Dowan (D:6)
  15 wights
  30 killer bees
  A howler monkey (D:8)
  5 electric eels (Lair:4)
  7 centaur zombies
  6 lava snakes (Volcano)
  2 centaur skeletons
  25 orc priests
  A hound (D:4)
  A jelly (D:4)
  A gnoll shaman (D:7)
  2 bullfrog skeletons
  3 iguanas
  31 orc wizards
  A killer bee zombie (D:9)
  2 mummies (D:9)
  3 howler monkey zombies (D:9)
  11 gnolls
  11 adders
  A shadow imp (D:6)
  2 white imps (D:6)
  3 ufetubi
  A worm (D:2)
  2 dart slugs (D:2)
  98 orcs
  7 endoplasms
  A giant cockroach (D:4)
  2 goblins
  9 hobgoblins
  4 jackals (D:1)
  5 quokkas
  5 ball pythons
  6 bats
  3 frilled lizards
  13 kobolds
  4 rats
656 creatures vanquished.

Vanquished Creatures (others)
  A swamp worm (Swamp:1)
  2 bushes (D:9)
  22 fungi
  41 plants
  10 withered plants (D:9)
76 creatures vanquished.

Grand Total: 732 creatures vanquished

Notes
Turn   | Place    | Note
-------+----------+-------------------------------------------
     0 | D:1      | hikkokomori the Gargoyle Conjurer began the quest for the
                  | Orb.
     0 | D:1      | Reached XP level 1. HP: 10/10 MP: 3/3
   479 | D:1      | Reached XP level 2. HP: 16/16 MP: 5/5
   514 | D:1      | Reached skill level 1 in Fighting
   794 | D:1      | Found a faded altar of an unknown god.
  1222 | D:1      | Reached XP level 3. HP: 20/20 MP: 6/6
  1831 | D:2      | Learned a level 2 spell: Searing Ray
  1840 | D:2      | Found Wubaaf's Antique Armour Shoppe.
  2700 | D:2      | Reached XP level 4. HP: 26/26 MP: 3/8
  2758 | D:2      | Reached skill level 5 in Conjurations
  2965 | D:2      | Learned a level 3 spell: Ozocubu's Armour
  3224 | D:3      | Identified the +10 long sword of Exoneration {vorpal, rF+
                  | rC+ Int-4}
  3310 | D:3      | Found an opulent altar of Gozag.
  3491 | D:3      | Reached skill level 1 in Ice Magic
  3491 | D:3      | Reached XP level 5. HP: 26/31 MP: 5/9
  3802 | D:4      | Reached skill level 1 in Long Blades
  3860 | D:4      | Reached XP level 6. HP: 13/36 MP: 10/10
  4103 | D:4      | Noticed a black bear
  4109 | D:4      | Killed a black bear
  4256 | D:4      | Found a basalt altar of Yredelemnul.
  4257 | D:4      | Found a shadowy altar of Dithmenos.
  4906 | D:5      | Entered Level 5 of the Dungeon
  4910 | D:5      | Found a staircase to the Ecumenical Temple.
  4926 | Temple   | Entered the Ecumenical Temple
  4984 | Temple   | Became a worshipper of Ashenzari the Shackled
  5036 | D:5      | Reached XP level 7. HP: 38/41 MP: 11/11
  5201 | D:5      | Found an ancient bone altar of Kikubaaqudgha.
  5983 | D:6      | Reached XP level 8. HP: 45/48 MP: 12/12
  6126 | D:6      | Found a white marble altar of Elyvilon.
  6127 | D:6      | Found a glowing golden altar of the Shining One.
  6128 | D:6      | Found a glowing silver altar of Zin.
  6264 | D:6      | Noticed Duvessa
  6265 | D:6      | Noticed Dowan
  6271 | D:6      | Killed Duvessa
  6279 | D:6      | Killed Dowan
  6549 | D:6      | Reached skill level 5 in Fighting
  6632 | D:6      | Learned a level 3 spell: Dazzling Flash
  6725 | D:7      | Reached XP level 9. HP: 51/54 MP: 13/13
  6942 | D:7      | Reached * piety under Ashenzari
  6942 | D:7      | Identified a scroll of acquirement
  6943 | D:7      | Acquired 1005 gold pieces
  7575 | D:7      | Reached ** piety under Ashenzari
  7665 | D:8      | Reached skill level 5 in Ice Magic
  7713 | D:8      | Noticed Maurice
  7730 | D:8      | Killed Maurice
  7881 | D:8      | Reached skill level 5 in Long Blades
  8021 | D:8      | Reached skill level 1 in Shields
  8021 | D:8      | Reached XP level 10. HP: 38/64 MP: 13/16
  8184 | D:8      | Reached skill level 5 in Dodging
  8291 | D:8      | Learned a level 5 spell: Freezing Cloud
  8331 | D:8      | Found a stormy altar of Qazlal.
  8429 | D:8      | Noticed a two-headed ogre
  8438 | D:8      | Killed a two-headed ogre
  9376 | D:9      | Reached skill level 5 in Shields
  9853 | D:9      | Found a staircase to the Lair.
  9938 | D:9      | Reached XP level 11. HP: 14/71 MP: 17/17
 10892 | D:9      | Found a staircase to the Orcish Mines.
 11109 | D:10     | Entered Level 10 of the Dungeon
 11114 | D:10     | Noticed a two-headed ogre
 11122 | D:10     | Killed a two-headed ogre
 11147 | D:10     | Learned a level 2 spell: Blink
 11282 | D:10     | Noticed Josephine
 11302 | D:10     | Killed Josephine
 11656 | D:10     | Noticed Urug
 11748 | Orc:1    | Entered Level 1 of the Orcish Mines
 11755 | Orc:1    | Noticed an orc knight
 11838 | Lair:1   | Entered Level 1 of the Lair of Beasts
 12510 | Lair:1   | Found a runed translucent door.
 12511 | Lair:1   | Noticed Theoretic's ghost (journeyman MiFi)
 13157 | Lair:2   | Reached skill level 1 in Air Magic
 13160 | Lair:2   | Reached XP level 12. HP: 16/79 MP: 10/20
 14076 | Lair:2   | Reached skill level 5 in Spellcasting
 14600 | Lair:2   | Noticed an eight-headed hydra
 14609 | Lair:2   | Noticed a four-headed hydra
 14677 | Lair:1   | Killed a six-headed hydra
 14678 | Lair:1   | Reached skill level 10 in Fighting
 15289 | Lair:2   | Killed an eight-headed hydra
 15504 | Lair:3   | Noticed Gastronok
 15544 | Lair:3   | Found the ring of the Tortoise {AC+8}
 15570 | Lair:3   | Killed Gastronok
 15941 | Lair:3   | Found a hole to the Spider Nest.
 16128 | Lair:3   | Noticed a six-headed hydra
 16138 | Lair:3   | Killed a nine-headed hydra
 16311 | Lair:3   | Reached *** piety under Ashenzari
 16728 | Lair:3   | Reached XP level 13. HP: 84/88 MP: 19/25
 16859 | Lair:3   | Reached skill level 10 in Shields
 16923 | Lair:3   | Found the +8 whip "Snakebite" {venom, curare, rPois}
 17834 | Lair:4   | Found a staircase to the Swamp.
 18743 | Lair:4   | Reached skill level 5 in Air Magic
 19000 | Lair:4   | Learned a level 4 spell: Flame Wave
 19428 | Lair:5   | Reached skill level 1 in Fire Magic
 20585 | Lair:6   | Entered Level 6 of the Lair of Beasts
 20585 | Lair:6   | Noticed an acid blob
 20585 | Lair:6   | Found a runed translucent door.
 20585 | Lair:6   | Found a viscous altar of Jiyva.
 20593 | Lair:6   | Gained mutation: Your large and strong wings let you fly.
                  | [Gargoyle growth]
 20593 | Lair:6   | Reached XP level 14. HP: 95/95 MP: 22/26
 21164 | Lair:6   | Found a staircase to the Slime Pits.
 21245 | Lair:6   | Reached skill level 10 in Ice Magic
 21298 | Lair:6   | Identified the Almanac of Dark Rites
 21418 | Lair:6   | Found a corrupted altar of Lugonu.
 21418 | Lair:6   | Identified the +1 rapier of Liohuu Ryeha {drain, Str+4
                  | SInv}
 21425 | Lair:6   | Found a one-way gate to the infinite horrors of the Abyss.
 23004 | Orc:1    | Reached **** piety under Ashenzari
 23435 | Orc:2    | Entered Level 2 of the Orcish Mines
 23440 | Orc:2    | Found Jooluag's Weapon Shoppe.
 23494 | Orc:2    | Reached skill level 5 in Fire Magic
 23512 | Orc:2    | Found Axumup's Weapon Boutique.
 23519 | Orc:2    | Found a staircase to the Elven Halls.
 23659 | Orc:2    | Found Dishrapt's Distillery.
 23660 | Orc:2    | Found Hogu's Armour Shop.
 23701 | Orc:2    | Found a dark tunnel.
 23749 | Volcano  | Entered a volcano
 23947 | Volcano  | Noticed a stone giant
 23964 | Volcano  | Killed a stone giant
 24128 | Volcano  | Found a bloodstained altar of Trog.
 24184 | Volcano  | Found a bloodstained altar of Trog.
 24371 | Orc:2    | Paralysed by an orc sorcerer for 2 turns
 24523 | Orc:2    | Found Gorchar's Magic Scroll Shoppe.
 24544 | Orc:2    | Bought a scroll of enchant weapon for 120 gold pieces
 24544 | Orc:2    | Bought a scroll of blinking for 120 gold pieces
 24544 | Orc:2    | Bought a scroll of teleportation for 48 gold pieces
 24544 | Orc:2    | Bought a scroll of enchant armour for 120 gold pieces
 24544 | Orc:2    | Bought a scroll of enchant armour for 120 gold pieces
 24832 | Orc:2    | Bought a potion of haste for 100 gold pieces
 24832 | Orc:2    | Bought a potion of might for 40 gold pieces
 24880 | Orc:2    | Found Optoipt's Antique Armour Shop.
 24890 | Orc:2    | Found Zycuwist's Antique Weapon Boutique.
 24929 | Orc:2    | Noticed an orc warlord
 24981 | Orc:2    | Killed an orc warlord
 24982 | Orc:2    | Reached XP level 15. HP: 64/101 MP: 2/28
 25179 | Orc:2    | Bought a runed scarf for 328 gold pieces
 25434 | Orc:2    | Found Tuno's Assorted Antiques.
 26044 | Swamp:1  | Entered Level 1 of the Swamp
 26281 | Swamp:1  | Noticed a fenstrider witch
 26298 | Swamp:1  | Killed a fenstrider witch
 27027 | Swamp:1  | Identified the cursed +0 cloak "Ruined Together" {Bglg,
                  | Comp} (You found it on level 2 of the Lair of Beasts)
 27027 | Swamp:1  | Identified the cursed +2 hat of the Wild Blue Yonder {Bglg,
                  | Elem} (You took it off Gastronok on level 3 of the Lair of
                  | Beasts)
 27027 | Swamp:1  | Identified the cursed +0 pair of gloves of Cremastomancy
                  | {Cun, Self} (You found it on level 2 of the Dungeon)
 27027 | Swamp:1  | Identified the cursed +2 pair of boots of the Fated Prison
                  | {Elem, Melee} (You found it on level 3 of the Dungeon)
 27838 | Swamp:2  | Noticed a tentacled monstrosity
 28207 | Swamp:1  | Slain by a bunyip

Illustrated notes

Levels and vault maps discovered:
D:1:      dpeg_chamrin_arrival_tetris, layout_basic,
          shapermc_ecumenical_altar_totnotflames
D:2:      layout_rooms, serial_shops, shop
D:3:      layout_basic, mainiacjoe_overflow_brackets
D:4:      layout_basic, mainiacjoe_overflow_divided_tiny
D:5:      layout_loops_cross, lemuel_tele_altar, temple_pool_b
D:6:      layout_loops_ring, good_gods_temple_1, kennysheep_potato, uniq_duvessa
D:7:      layout_cave_pools, serial_park_tiny_2, hangedman_decor_diamond_cutter,
          kennysheep_nondescript
D:8:      layout_gridville, nicolae_qazlal_eye_of_the_storm,
          kennysheep_small_square, uniq_maurice
D:9:      layout_irregular_city, minmay_lair_entry_grove, david_orc_4,
          serial_undead, serial_undead_d, serial_undead_f, serial_undead_e,
          serial_undead_a, serial_undead_f, serial_undead_f, serial_undead_a,
          serial_undead_a, serial_undead_f, serial_undead_c
D:10:     layout_loops_ring, nzn_wu_jian_council_hall, uniq_josephine, uniq_urug
Temple:   dshaligram_water_room_temple
Lair:1:   layout_regular_city, ebering_ghost_reflecting_pool, wad_woods_road_01,
          serial_bayou_pond_d, chequers_serial_rivers_room_a
Lair:2:   layout_cave_pods, special_room [special_room_bee],
          nicolae_lair_grove_arrangements, infiniplex_staircase_pool_2,
          grunt_megastairs_2, serial_bayou_shore_b
Lair:3:   minmay_guarded_unrand_snakebite, layout_regular_city,
          nicolae_spider_entry_non_spiders, patterned_corridor,
          grunt_megastairs_3, uniq_gastronok
Lair:4:   layout_small_grid, minmay_swamp_entry_eels, st_stairs_12,
          beast_lair_carwin_1
Lair:5:   minmay_lair_oklob_tunnel, layout_hall_layers,
          infiniplex_staircase_pool
Lair:6:   hellmonk_lair_end_abyssal_woods, layout_regular_city, slime_altar_2
Swamp:1:  layout_basic_swamp, hangedman_swamp_lotus, swamp_pool3,
          cheibrodos_swamp_witchery
Swamp:2:  layout_basic_swamp, nicolae_swamp_tree_isthmus, swamp_pool1,
          nicolae_swamp_necromancy_gone_wrong, uniq_aizul
Orc:1:    layout_caves, basic_altar
Orc:2:    grunt_orc_community_town_hall, layout_caves,
          grunt_orc_community_big_house_2, grunt_orc_community_big_house_1,
          grunt_orc_community_house_2, grunt_orc_community_house_2,
          grunt_orc_community_house_3, grunt_orc_community_house_3, basic_altar,
          nicolae_volcano_entry_lava_flow, serial_shops, shop, shop, shop,
          nicolae_shop_bloodbath_and_beyond

Skill      XL: |  1  2  3  4  5  6  7  8  9 10 11 12 13 14 15 |
---------------+----------------------------------------------+-----
Fighting       | 1 2 3 4 5 6 8 9 10 11 12 | 12.1
Conjurations   | 5 6 7 8 |  8.2
Spellcasting   | 3 4 6 |  6.2
Ice Magic      | 1 2 3 4 5 6 8 9 10 11 | 11.2
Long Blades    | 1 2 3 5 6 7 9 |  9.6
Dodging        | 2 3 4 5 6 |  6.3
Shields        | 1 6 8 9 11 12 | 12.8
Air Magic      | 1 3 5 7 |  7.1
Fire Magic     | 2 5 6 |  6.5
Stealth        | |  2.2

Action                   |  1- 3 |  4- 6 |  7- 9 | 10-12 | 13-15 || total
-------------------------+-------+-------+-------+-------+-------++-------
Melee: Unarmed           |    11 |       |       |       |       ||    11
       Club              |    28 |       |       |       |       ||    28
       Dagger            |    65 |       |       |       |       ||    65
       Punch             |     2 |     1 |     1 |     5 |       ||     9
       Short sword       |    37 |     7 |       |       |       ||    44
       Long sword        |       |    49 |   160 |   528 |   914 ||  1651
 Cast: Magic Dart        |    22 |       |       |       |     1 ||    23
       Searing Ray       |     4 |     8 |    10 |    26 |     5 ||    53
       Ozocubu's Armour  |       |     1 |     3 |    21 |    31 ||    56
       Freezing Cloud    |       |       |       |     8 |    69 ||    77
       Dazzling Flash    |       |       |       |     7 |     2 ||     9
       Blink             |       |       |       |     1 |     3 ||     4
       Flame Wave        |       |       |       |       |     9 ||     9
Invok: Curse Item        |       |       |     3 |     2 |     3 ||     8
       Shatter the Chain |       |       |       |       |     1 ||     1
Evoke: Wand              |       |       |       |    10 |     7 ||    17
  Use: Scroll            |       |     5 |     1 |     3 |     7 ||    16
       Potion            |       |       |     1 |     5 |     2 ||     8
 Stab: Sleeping          |     6 |     1 |       |     2 |     4 ||    13
       Invisible         |       |       |       |     3 |     1 ||     4
       Petrified         |       |       |       |       |     5 ||     5
       Paralysed         |       |       |       |       |     4 ||     4
       Distracted        |       |       |       |       |     1 ||     1
       Confused          |       |       |       |       |     1 ||     1
Armor: Robe              |    55 |    13 |       |       |       ||    68
       Ring mail         |       |    16 |    88 |       |       ||   104
       Steam dragon scal |       |       |    18 |   291 |   393 ||   702
       Skin              |       |       |       |       |     1 ||     1
Dodge: Dodged            |    80 |    20 |   147 |   435 |   319 ||  1001
Block: Kite shield       |       |       |       |   289 |   860 ||  1149
       Reflection        |       |       |       |       |    19 ||    19
